 Dungeon Crawl Stone Soup version 0.28.0-43-g3370ac3207 (webtiles) character file.

Game seed: 8041527746256360406

11 zeratav the Insei (level 2, -3/18 HPs)
             Began as an Octopode Transmuter on Apr 1, 2022.
             Shot with a stone by a goblin (7 damage)
             ... on level 2 of the Dungeon.
             The game lasted 00:02:39 (795 turns).

zeratav the Insei (Octopode Transmuter)              Turns: 795, Time: 00:02:39

Health: -3/18      AC:  1    Str:  9    XL:     2   Next: 29%
Magic:  4/5        EV: 13    Int: 15    God:
Gold:   36         SH:  0    Dex: 12    Spells: 4/5 levels left

rFire   . . .      SeeInvis .     - Unarmed
rCold   . . .      Faith    .   (no shield)
rNeg    . . .      Spirit   .   (helmet currently unavailable)
rPois   .          Reflect  .   (no amulet)
rElec   .          Harm     .   a - ring of wizardry
rCorr   .          Rampage  .   (no ring)
Will    .....                   (no ring)
Stlth   ++........              (no ring)
HPRegen 0.06/turn               (no ring)
MPRegen 0.09/turn               (no ring)
                                (no ring)
                                (no ring)

@: appendages
A: tentacle spike 3, almost no armour, amphibious, 8 rings, camouflage 1,
gelatinous body 1, (nimble swimmer 1), tentacles
a: End Transformation


You were on level 2 of the Dungeon.
One of your tentacles had grown a beastly spike.
You visited 1 branch of the dungeon, and saw 2 of its levels.

You collected 36 gold pieces.

Inventory:

Hand Weapons
 f - a +0 hunting sling
Missiles
 c - 29 sling bullets
Jewellery
 a - a ring of wizardry (left tentacle)
Scrolls
 e - a scroll of enchant armour {unknown}
 i - a scroll of teleportation {unknown}
Potions
 b - a potion of berserk rage {unknown}
 d - a potion of magic {unknown}
 g - a potion of lignification {unknown}
 h - a potion of cancellation {unknown}
 j - a potion of heal wounds {unknown}
 k - a potion of curing {unknown}


   Skills:
 * Level 1.1 Fighting
 + Level 2.0 Dodging
 * Level 0.4 Stealth
 + Level 3.3 Unarmed Combat
 + Level 2.1 Spellcasting
 * Level 2.0 Transmutations
 * Level 0.1 Poison Magic


You had 4 spell levels left.
You knew the following spells:

 Your Spells              Type           Power      Damage    Failure   Level
a - Beastly Appendage     Tmut           14%        N/A       4%          1

Your spell library contained the following spells:

 Spells                   Type           Power      Damage    Failure   Level
 Wereblood                Tmut           7%         N/A       6%          2
 Passwall                 Tmut/Erth      3%         N/A       9%          2
 Ensorcelled Hibernation  Hex/Ice        2%         N/A       13%         2
 Spider Form              Tmut/Pois      4%         N/A       16%         3
 Swiftness                Air            1%         N/A       26%         3
 Ice Form                 Ice/Tmut       4%         N/A       47%         4


Dungeon Overview and Level Annotations

Branches:
Dungeon (2/15)

Altars:


Innate Abilities, Weirdness & Mutations

One of your tentacles has grown a beastly spike.
You cannot wear most types of armour.
You are amphibious.
You can wear up to eight rings at the same time.
Your skin changes colour to match your surroundings (Stealth+).
Your rubbery body absorbs attacks. (AC +1, EV +1)
((You are camouflaged when in or above water. (Stealth+)))
You have tentacles for arms and can constrict up to eight enemies at once.


Message History

The worm is heavily wounded.
You constrict the worm. The bat barely misses you.
You tentacle-slap the worm.
You pierce the worm.
The worm is almost dead.
You constrict the worm.
You kill the worm!
The goblin unwields a +0 club.
The goblin wields a +0 hunting sling.
The goblin shoots a stone.
The stone misses you. The bat hits you but does no damage.
You closely miss the bat. Your grab misses the bat.
Your tentacle spike misses the bat.
The bat hits you.
A kobold comes into view. It is wielding a +1 dagger of flaming.
The goblin shoots a stone.
The stone closely misses you.
You completely miss the bat.
The kobold shouts!
Your grab misses the bat. Your squeeze misses the bat. The bat hits you.
The kobold throws a stone.
The stone closely misses you.
The goblin shoots a stone.
The stone barely misses you. The bat hits you.
The goblin shoots a stone.
The stone completely misses you.
Your tentacle spike disappears.
The bat closely misses you. The bat barely misses you. The bat hits you.
* * * LOW HITPOINT WARNING * * *
Casting: Beastly Appendage (safe; 4% risk of failure)
Confirm with . or Enter, or press ? or * to list all spells.
One of your tentacles grows a vicious spike.
The goblin shoots a stone.
The stone hits you.
* * * LOW HITPOINT WARNING * * *
You barely miss the frilled lizard. Your grab misses the frilled lizard.
The frilled lizard misses you.
The goblin shoots a stone.
The stone closely misses you.
You tentacle-slap the frilled lizard.
You kill the frilled lizard!
The goblin shoots a stone.
The stone closely misses you.
There is a stone staircase leading up here.
The goblin shoots a stone.
The stone barely misses you.
The goblin shoots a stone.
The stone hits you!
You die...

##. #.. ... #.# ..
#.#####....
##############.#......#
#..............@.#
#.........####<###
#.^.......# ##.#
#.........# #.g#
#.........###K####
........K.g.......#
...........###.##.#
...........# #.# #
...........# #.#


You could see a goblin and a kobold.

Vanquished Creatures
  A worm (D:2)
  2 endoplasms (D:1)
  A giant cockroach (D:1)
  A goblin (D:1)
  A quokka (D:1)
  A ball python (D:1)
  A frilled lizard (D:2)
8 creatures vanquished.

Notes
Turn   | Place    | Note
-------+----------+-------------------------------------------
     0 | D:1      | zeratav the Octopode Transmuter began the quest for the
                  | Orb.
     0 | D:1      | Reached XP level 1. HP: 13/13 MP: 3/3
   110 | D:1      | Found a faded altar of an unknown god.
   708 | D:1      | Reached XP level 2. HP: 18/18 MP: 3/5
   795 | D:2      | Shot with a stone by a goblin

Illustrated notes

Levels and vault maps discovered:
D:1:      sevenhm_arrival_forest_fort_large_4, layout_rooms,
          hellmonk_ecumenical_altar_run_dry
D:2:      layout_rooms, minmay_small_reverse_x

Action                   || total
-------------------------++-------
Melee: Unarmed           ||    18
       Kick              ||     5
       Tentacles         ||     3
       Constrict         ||     1
 Cast: Beastly Appendage ||     9
 Stab: Sleeping          ||     1
Armor: Skin              ||     1
Dodge: Dodged            ||    17
